[Event "Titled Tuesday Blitz June 21 Late 2022"]
[White "Wagner, Dinara"]
[Black "Dardha, Daniel"]
[WhiteFideId "24157570"]
[BlackFideId "240990"]
[WhiteElo "2216"]
[BlackElo "2482"]
[Result "0-1"]
[Round "07"]
[TimeControl "180+1"]
[Date "2022.06.21"]
[WhiteClock "0:00:12"]
[BlackClock "0:00:25"]

1. d4 d5 2. Nf3 Nf6 3. c4 c6 4. g3 dxc4 5. Bg2 g6 6. a4 Ne4 7. Qc2 Nd6 8. Na3 Bg7 9. Nxc4 Nxc4 10. Qxc4 O-O 11. O-O a5 12. e4 Na6 13. Be3 Nb4 14. Rfd1 Be6 15. Qe2 h6 16. h3 Kh7 17. Kh2 f5 18. Ne5 fxe4 19. Bxe4 Bf5 20. Bg2 Nd5 21. g4 Be6 22. Qd3 Bxe5+ 23. dxe5 Qc7 24. Qe4 Rad8 25. f4 Nb4 26. Bc5 Bd5 27. Qe2 Rxf4 28. Bxd5 Rxd5 29. Rxd5 Nxd5 30. Re1 Qd7 31. Qd2 Qe6 32. Bd4 Rf3 33. Re2 Nf4 34. Re4 Rxh3+ 35. Kg1 Qxg4+ 36. Kf2 Qg2+ 37. Ke1 Rh1+ 0-1


[Site "https://www.chess.com"]

[Event "Titled Tuesday Blitz June 21 Late 2022"]
[White "Zhigalko, Sergei"]
[Black "Sohal, Tanraj"]
[WhiteFideId "13502956"]
[BlackFideId "2608499"]
[WhiteElo "2662"]
[BlackElo "2200"]
[Result "1-0"]
[Round "07"]
[TimeControl "180+1"]
[Date "2022.06.21"]
[WhiteClock "0:00:05"]
[BlackClock "0:00:06"]

1. e4 c5 2. Nf3 e6 3. c3 Nc6 4. d4 d5 5. e5 Qb6 6. a3 Nh6 7. b4 cxd4 8. cxd4 Nf5 9. Be3 Be7 10. Bd3 Nxe3 11. fxe3 f6 12. exf6 Bxf6 13. O-O O-O 14. Nc3 Qd8 15. Kh1 Bd7 16. Qc2 h6 17. Ne2 Rc8 18. Nf4 Ne5 19. Bh7+ Kh8 20. dxe5 Rxc2 21. Bxc2 Be7 22. Ng6+ Kg8 23. Nxf8 Bxf8 24. Bg6 Bb5 25. Rf2 Qe7 26. Nd4 Bc4 27. g3 Qd7 28. Bf7+ Qxf7 29. Rxf7 Kxf7 30. Kg2 Ke7 31. Kf3 g6 32. h4 Bg7 33. Kf4 a6 34. g4 Kf7 35. g5 h5 36. Rh1 Ke7 37. Rh2 Bd3 38. Rd2 Bc4 39. Rf2 Bd3 40. a4 Bc4 41. Rc2 b6 42. e4 Kd7 43. b5 a5 44. exd5 Bxd5 45. Rc3 Bf8 46. Nc6 Bc5 47. Kg3 Bf8 48. Rd3 Bg7 49. Kf4 Kc7 50. Nd4 Kd7 51. Ne2 Bf8 52. Nc3 Bc5 53. Nxd5 exd5 54. Rxd5+ Ke6 55. Rd1 Bb4 56. Rd8 Ba3 57. Rg8 Bc1+ 58. Ke4 Bb2 59. Rxg6+ Kf7 60. Rxb6 Ke7 61. Ra6 Bc3 62. Kf5 Bb4 63. Ra7+ Kd8 64. g6 1-0


[Site "https://www.chess.com"]

[Event "Titled Tuesday Blitz June 21 Late 2022"]
[White "Zhou, Qiyu"]
[Black "Ricaurte Lopez, Juan Carlos"]
[WhiteFideId "505161"]
[BlackFideId "3600327"]
[WhiteElo "1925"]
[BlackElo "2209"]
[Result "1-0"]
[Round "07"]
[TimeControl "180+1"]
[Date "2022.06.22"]
[WhiteClock "0:00:20"]
[BlackClock "0:00:05"]

1. e4 e5 2. Nf3 Nc6 3. Bb5 a6 4. Ba4 Nf6 5. O-O Be7 6. Re1 b5 7. Bb3 O-O 8. h3 Re8 9. c3 Bf8 10. d4 exd4 11. e5 Nxe5 12. Nxe5 d5 13. cxd4 c5 14. Bf4 Qb6 15. dxc5 Bxc5 16. Nd3 Bd4 17. Nc3 Be6 18. Be5 Bxe5 19. Nxe5 Red8 20. Qf3 b4 21. Ne2 a5 22. Nf4 Qb5 23. Rad1 a4 24. Bc2 Rac8 25. Bd3 Qb6 26. Ng4 Bxg4 27. hxg4 h6 28. Nh5 Nxh5 29. gxh5 1-0


[Site "https://www.chess.com"]

[Event "Titled Tuesday Blitz June 21 Late 2022"]
[White "Zhu, Jiner"]
[Black "Semenenko, Dmytry"]
[WhiteFideId "8608059"]
[BlackFideId "14118645"]
[WhiteElo "2640"]
[BlackElo "2509"]
[Result "1-0"]
[Round "07"]
[TimeControl "180+1"]
[Date "2022.06.22"]
[WhiteClock "0:00:35"]
[BlackClock "0:01:23"]

1. e4 Nf6 2. e5 Nd5 3. d4 d6 4. Nf3 Bg4 5. Be2 c6 6. O-O Bxf3 7. Bxf3 dxe5 8. dxe5 e6 9. Qe2 Nd7 10. c4 Ne7 11. Bf4 Ng6 12. Bg3 Qc7 13. Re1 O-O-O 14. Nc3 Bc5 15. Ne4 Qb6 16. Nd6+ Bxd6 17. exd6 e5 18. a3 Qc5 19. Rad1 a5 20. b4 axb4 21. axb4 Qxb4 22. Qa2 Kb8 23. Bxc6 Nb6 24. Ra1 Rxd6 25. Qa7+ Kc8 26. Qxb7+ Kd8 27. Ra8+ Nxa8 28. Qxb4 Rxc6 29. Qb7 Rc8 30. Rd1+ Ke8 31. Qxc8+ Ke7 32. Rd7+ Kf6 33. Qc6+ Kf5 34. Rxf7+ 1-0


[Site "https://www.chess.com"]

[Event "Titled Tuesday Blitz June 21 Late 2022"]
[White "Abarca Gonzalez, Nicolas"]
[Black "Jobava, Baadur"]
[WhiteFideId "3409422"]
[BlackFideId "13601520"]
[WhiteElo "2504"]
[BlackElo "2617"]
[Result "1-0"]
[Round "08"]
[TimeControl "180+1"]
[Date "2022.06.21"]
[WhiteClock "0:00:39"]
[BlackClock "0:00:23"]

1. e4 e6 2. d4 d5 3. exd5 exd5 4. c4 Nf6 5. Nc3 Bd6 6. Nf3 O-O 7. Bd3 Re8+ 8. Be3 dxc4 9. Bxc4 Be6 10. Bxe6 Rxe6 11. Qb3 Nbd7 12. O-O Nb6 13. Rfe1 h6 14. a4 a5 15. Rad1 Bb4 16. d5 Rd6 17. Bxb6 Rxb6 18. Re5 Bd6 19. Nb5 Bxe5 20. Nxe5 Qe7 21. Nc4 Re8 22. h3 Qc5 23. Nxb6 Qxb6 24. d6 cxd6 25. Qg3 d5 26. Qc7 Qxc7 27. Nxc7 Rd8 28. Nb5 Kf8 29. Kf1 Ke7 30. Ke2 Rc8 31. Kd3 Ne4 32. Ke3 Rc5 33. f3 Nd6 34. Nc3 Ke6 35. Kd3 Nc4 36. Re1+ Kd6 37. b3 Ne5+ 38. Kd2 g5 39. Nb5+ Ke6 40. Nd4+ Kf6 41. Nb5 h5 42. Nd6 Ng6 43. Ne8+ Kf5 44. Ng7+ Kf6 45. Nxh5+ Kf5 46. g4# 1-0


[Site "https://www.chess.com"]

[Event "Titled Tuesday Blitz June 21 Late 2022"]
[White "Adewumi, Tanitoluwa"]
[Black "Zhu, Jiner"]
[WhiteFideId "30966396"]
[BlackFideId "8608059"]
[WhiteElo "2545"]
[BlackElo "2281"]
[Result "0-1"]
[Round "08"]
[TimeControl "180+1"]
[Date "2022.06.21"]
[WhiteClock "0:00:02"]
[BlackClock "0:00:41"]

1. d4 Nf6 2. c4 e6 3. Nf3 d5 4. Nc3 c5 5. cxd5 Nxd5 6. e4 Nxc3 7. bxc3 cxd4 8. cxd4 Bb4+ 9. Bd2 Bxd2+ 10. Qxd2 O-O 11. Bc4 Nd7 12. O-O b6 13. Bb3 Bb7 14. Rfe1 Rc8 15. Rad1 h6 16. Qf4 Qc7 17. Qe3 Nf6 18. d5 exd5 19. e5 Ne4 20. Qf4 Rfd8 21. h3 Qe7 22. Rd4 Nc5 23. Qg3 Ne6 24. Rg4 Rc3 25. Re3 d4 26. Rxc3 dxc3 27. Bxe6 fxe6 28. Rc4 Rc8 29. Rxc8+ Bxc8 30. Nd4 Qc5 31. Nb3 c2 32. Qf4 Qc3 33. Kh2 Ba6 34. Qe3 Qxe3 35. fxe3 Bc4 36. Nc1 a5 37. Kg3 b5 38. Kf4 b4 39. Ke4 a4 40. Kd4 b3 41. axb3 axb3 42. Kc3 Kf7 43. e4 h5 44. g3 h4 45. g4 Kg6 46. Kb2 Kg5 47. Kc3 Kf4 48. Kxc4 b2 49. Nd3+ Kg3 50. Nxb2 c1=Q+ 0-1


[Site "https://www.chess.com"]

[Event "Titled Tuesday Blitz June 21 Late 2022"]
[White "Alexiadis, Hristos"]
[Black "Koellner, Ruben Gideon"]
[WhiteFideId "4249623"]
[BlackFideId "12993093"]
[WhiteElo "2416"]
[BlackElo "2558"]
[Result "1-0"]
[Round "08"]
[TimeControl "180+1"]
[Date "2022.06.21"]
[WhiteClock "0:01:10"]
[BlackClock "0:00:02"]

1. e4 d6 2. d4 Nf6 3. Nc3 e5 4. Nf3 Nbd7 5. g4 d5 6. dxe5 Nxe4 7. Nxd5 Nb6 8. c4 c6 9. Nxb6 Qxd1+ 10. Kxd1 axb6 11. Be3 Bxg4 12. Be2 Bc5 13. Bxc5 bxc5 14. Ke1 Bxf3 15. Bxf3 Ng5 16. Bg2 Ne6 17. a3 Nd4 18. Rd1 Ke7 19. f4 Ra4 20. Rc1 Rg8 21. h4 h6 22. h5 Rd8 23. Rh3 Ne6 24. Rb3 Ra7 25. Rf3 Rd4 26. f5 Ng5 27. f6+ gxf6 28. Rxf6 Rg4 29. Kf2 Ra4 30. Rxh6 Raxc4 31. Rxc4 Rxc4 32. Rh8 Rc2+ 33. Kg3 Rxb2 34. h6 c4 35. h7 Rb3+ 36. Kf4 Nxh7 37. Rxh7 Rxa3 38. Be4 Ra1 39. Ke3 Re1+ 40. Kd4 b5 41. Bxc6 b4 42. Bd5 Rf1 43. Bxc4 Rf4+ 44. Kc5 Rf5 45. Bd5 Rxe5 46. Rxf7+ Ke8 47. Rb7 Re1 48. Kd6 Kf8 49. Rf7+ Ke8 50. Rg7 1-0


[Site "https://www.chess.com"]

[Event "Titled Tuesday Blitz June 21 Late 2022"]
[White "Andreikin, Dmitry"]
[Black "Svane, Rasmus"]
[WhiteFideId "4158814"]
[BlackFideId "4657101"]
[WhiteElo "2736"]
[BlackElo "2674"]
[Result "1-0"]
[Round "08"]
[TimeControl "180+1"]
[Date "2022.06.21"]
[WhiteClock "0:00:46"]
[BlackClock "0:00:03"]

1. d4 d5 2. c4 e6 3. Nf3 Nf6 4. g3 Be7 5. Bg2 O-O 6. O-O dxc4 7. Qc2 a6 8. a4 Bd7 9. Qxc4 Bc6 10. Bf4 Bd6 11. Qc1 Nbd7 12. a5 Re8 13. Rd1 Qe7 14. Nc3 Bxf3 15. Bxf3 c6 16. Bxd6 Qxd6 17. e4 e5 18. Ra4 exd4 19. Raxd4 Qe7 20. Bg2 Nc5 21. Qc2 Rad8 22. h3 h6 23. Kh2 Ne6 24. Rxd8 Rxd8 25. e5 Nd7 26. f4 Ndc5 27. b4 Rxd1 28. Qxd1 Nd7 29. Ne4 c5 30. bxc5 Ndxc5 31. Qd6 Qxd6 32. Nxd6 Nd8 33. Bd5 Kf8 34. Kg2 g6 35. Kf3 Ke7 36. Ke3 Nc6 37. Nxb7 Nxb7 38. Bxc6 Nc5 39. Bd5 f6 40. Kd4 Nd7 41. Bc4 fxe5+ 42. fxe5 Nb8 43. Kc5 Nd7+ 44. Kd5 Nb8 45. e6 g5 46. g4 1-0


[Site "https://www.chess.com"]

[Event "Titled Tuesday Blitz June 21 Late 2022"]
[White "Barria Zuniga, Daniel"]
[Black "Richter, Nils"]
[WhiteFideId "3400816"]
[BlackFideId "12990809"]
[WhiteElo "2414"]
[BlackElo "2311"]
[Result "1/2-1/2"]
[Round "08"]
[TimeControl "180+1"]
[Date "2022.06.21"]
[WhiteClock "0:00:41"]
[BlackClock "0:00:36"]

1. d4 Nf6 2. c4 c5 3. d5 e5 4. Nc3 d6 5. e4 Be7 6. Nf3 Nbd7 7. Be2 Nf8 8. O-O Ng6 9. Ne1 O-O 10. Nd3 Ne8 11. b4 b6 12. a4 Bg5 13. a5 Rb8 14. Nb5 a6 15. Na7 Bd7 16. Nc6 Bxc6 17. dxc6 Bxc1 18. Qxc1 cxb4 19. Nxb4 bxa5 20. Nd5 Rc8 21. Qd2 Rxc6 22. Rxa5 Nf6 23. Nxf6+ Qxf6 24. Rfa1 Ra8 25. g3 h6 26. Qb4 Qd8 27. Qa3 Nf8 28. Bg4 Rxc4 29. Rxa6 Rxa6 30. Qxa6 Rxe4 31. Bf3 Rb4 32. Rc1 Rb6 33. Qc4 Ne6 34. Bd5 Qd7 35. Qc8+ Qxc8 36. Rxc8+ Kh7 37. Re8 Nc7 38. Be4+ g6 39. Re7 d5 40. Rxf7+ Kg8 41. Rxc7 dxe4 42. Rc4 Kf7 43. Rxe4 Kf6 44. f4 exf4 1/2-1/2


[Site "https://www.chess.com"]

[Event "Titled Tuesday Blitz June 21 Late 2022"]
[White "Bilych, Olexiy"]
[Black "Lashkin, Jegor"]
[WhiteFideId "14156504"]
[BlackFideId "13907808"]
[WhiteElo "2189"]
[BlackElo "2368"]
[Result "0-1"]
[Round "08"]
[TimeControl "180+1"]
[Date "2022.06.21"]
[WhiteClock "0:00:06"]
[BlackClock "0:00:07"]

1. e4 c5 2. Nf3 d6 3. d4 cxd4 4. Nxd4 Nf6 5. Nc3 a6 6. Be3 e5 7. Nb3 Be6 8. f3 h5 9. Qd2 Nbd7 10. Nd5 Bxd5 11. exd5 g6 12. Be2 Bg7 13. O-O b6 14. c4 O-O 15. Kh1 Re8 16. a4 a5 17. Rae1 Nc5 18. Nxc5 bxc5 19. Bd1 Nh7 20. f4 exf4 21. Bxf4 Qc7 22. b3 Nf6 23. h3 Nd7 24. g4 hxg4 25. hxg4 Ne5 26. Kg2 Qd7 27. Kg3 Re7 28. Rh1 Rae8 29. Qh2 f5 30. Qh7+ Kf7 31. g5 Ng4 32. Rxe7+ Qxe7 33. Bxg4 fxg4 34. Rf1 Qe2 35. Rf2 Qd3+ 36. Be3+ Ke7 37. Qxg7+ Kd8 38. Rf8 Qxe3+ 39. Kxg4 Qg1+ 40. Kh3 Qxg5 41. Rxe8+ Kxe8 42. Qg8+ Kd7 43. Qe6+ Kc7 44. Qe8 Qf5+ 45. Kg2 Qc2+ 46. Kg1 Qb1+ 47. Kg2 Qc2+ 48. Kg1 Qf5 49. Qc6+ Kd8 50. Qxd6+ Ke8 51. Qb8+ Kf7 52. Qc7+ Kg8 53. Qxc5 Qb1+ 54. Kg2 Qxb3 55. Qd4 Qxa4 56. d6 Qc6+ 57. Kg3 Kf7 58. d7 Qc7+ 59. Kg2 Ke7 60. Qg7+ Kd8 61. Qg8+ Kxd7 62. Qxg6 Qc6+ 63. Qxc6+ Kxc6 64. Kf3 a4 65. Ke3 a3 0-1


[Site "https://www.chess.com"]

[Event "Titled Tuesday Blitz June 21 Late 2022"]
[White "Bluebaum, Matthias"]
[Black "Grischuk, Alexander"]
[WhiteFideId "24651516"]
[BlackFideId "4126025"]
[WhiteElo "2556"]
[BlackElo "2762"]
[Result "0-1"]
[Round "08"]
[TimeControl "180+1"]
[Date "2022.06.21"]
[WhiteClock "0:01:17"]
[BlackClock "0:01:48"]

1. d4 Nf6 2. c4 e6 3. Nc3 Bb4 4. e3 O-O 5. Bd2 d5 6. Nf3 Nbd7 7. Rc1 a6 8. Qb3 a5 9. cxd5 Bxc3 10. bxc3 exd5 11. c4 c6 12. cxd5 Nxd5 13. Be2 a4 14. Qa3 N7f6 15. O-O Ne4 16. Rfd1 Bg4 17. Be1 Ng5 18. Qd3 Bxf3 19. gxf3 Nh3+ 20. Kh1 Qg5 0-1


[Site "https://www.chess.com"]

[Event "Titled Tuesday Blitz June 21 Late 2022"]
[White "Chigaev, Maksim"]
[Black "Rustemov, Alexander"]
[WhiteFideId "4108116"]
[BlackFideId "4119002"]
[WhiteElo "2457"]
[BlackElo "2737"]
[Result "1-0"]
[Round "08"]
[TimeControl "180+1"]
[Date "2022.06.21"]
[WhiteClock "0:00:10"]
[BlackClock "0:00:36"]

1. e4 e6 2. Qe2 c5 3. Nf3 Nc6 4. g3 g6 5. Bg2 Bg7 6. O-O Nge7 7. c3 d6 8. d3 O-O 9. a3 a5 10. a4 h6 11. Na3 e5 12. Nb5 Be6 13. Nd2 Na7 14. Nxa7 Rxa7 15. Nc4 Nc6 16. Na3 b6 17. Nb5 Rd7 18. f4 exf4 19. gxf4 Ne7 20. Kh1 d5 21. f5 gxf5 22. e5 Ng6 23. d4 f6 24. Qh5 Kh7 25. Rf3 fxe5 26. Bxh6 Qh4 27. Qxh4 Nxh4 28. Bxg7 Kxg7 29. Rg3+ Kh6 30. Rh3 Kh5 31. Bf3+ Kg5 32. Rg1+ Kf4 33. Bh5 e4 34. Rxh4+ Ke3 35. Rh3+ Kf2 36. Rg2+ Kf1 37. Re3 f4 38. Rg1+ Kf2 39. Re2# 1-0


[Site "https://www.chess.com"]

[Event "Titled Tuesday Blitz June 21 Late 2022"]
[White "Colpe, Malte"]
[Black "Diaz Rosas, Julio Cesar"]
[WhiteFideId "24623075"]
[BlackFideId "5105099"]
[WhiteElo "2328"]
[BlackElo "2278"]
[Result "0-1"]
[Round "08"]
[TimeControl "180+1"]
[Date "2022.06.21"]
[WhiteClock "0:00:03"]
[BlackClock "0:00:08"]

1. d4 d5 2. c4 e6 3. Nf3 a6 4. Bg5 Be7 5. Bxe7 Nxe7 6. Qc2 O-O 7. g3 dxc4 8. Qxc4 b5 9. Qc2 Bb7 10. Bg2 Nd7 11. O-O Nf6 12. Rc1 Rc8 13. Nbd2 Nf5 14. e3 Qe7 15. Nb3 Be4 16. Qd2 Bd5 17. Qe1 Ne4 18. Ne5 Nfd6 19. Na5 Ng5 20. f3 f6 21. Nec6 Qe8 22. e4 Bxc6 23. Nxc6 Nc4 24. b3 Qxc6 25. bxc4 Qd7 26. Qe3 Rfd8 27. h4 Nf7 28. d5 bxc4 29. Bh3 Qa4 30. dxe6 Ne5 31. e7 Rd3 32. Qc5 Re8 33. Be6+ Kh8 34. f4 Nf3+ 35. Kg2 c3 36. Bf7 Qxe4 37. Kh3 Nd4 38. Bxe8 Qe6+ 39. f5 Nxf5 40. Bf7 Rxg3+ 41. Kh2 Qe2+ 42. Kh1 Qg2# 0-1


[Site "https://www.chess.com"]

[Event "Titled Tuesday Blitz June 21 Late 2022"]
[White "Dardha, Daniel"]
[Black "Holt, Conrad"]
[WhiteFideId "240990"]
[BlackFideId "2034387"]
[WhiteElo "2482"]
[BlackElo "2586"]
[Result "1-0"]
[Round "08"]
[TimeControl "180+1"]
[Date "2022.06.21"]
[WhiteClock "0:00:22"]
[BlackClock "0:00:03"]

1. d4 d5 2. c4 c6 3. Nf3 Nf6 4. Nc3 dxc4 5. a4 Bf5 6. Ne5 Nbd7 7. Nxc4 Nb6 8. e3 e6 9. Ne5 a5 10. Bd3 Bxd3 11. Nxd3 Be7 12. O-O O-O 13. Bd2 Nc4 14. Be1 Qb8 15. Qb3 Nd6 16. f3 Nf5 17. Bf2 Rd8 18. Ne4 Nd5 19. Rae1 h5 20. Ng3 Nxg3 21. Bxg3 Qa7 22. Bf2 Nb4 23. Ne5 c5 24. f4 cxd4 25. f5 Rd5 26. exd4 exf5 27. Nd3 Rd7 28. Ne5 Rd5 29. Qf3 Qa6 30. Qxh5 g6 31. Qf3 Bf6 32. h4 Bxe5 33. dxe5 Qe6 34. Bg3 Nd3 35. Re3 Rad8 36. h5 Nxe5 37. Qe2 Qb6 38. Bf2 Qd6 39. hxg6 fxg6 40. Re1 Nf7 41. Re6 Qf4 42. Rxg6+ Kf8 43. Qe7# 1-0


[Site "https://www.chess.com"]

[Event "Titled Tuesday Blitz June 21 Late 2022"]
[White "Deac, Bogdan-Daniel"]
[Black "Christiansen, Johan-Sebastian"]
[WhiteFideId "1226380"]
[BlackFideId "1512668"]
[WhiteElo "2648"]
[BlackElo "2513"]
[Result "1-0"]
[Round "08"]
[TimeControl "180+1"]
[Date "2022.06.21"]
[WhiteClock "0:00:38"]
[BlackClock "0:00:05"]

1. e4 e5 2. Nf3 Nc6 3. Bc4 Nf6 4. d3 Be7 5. O-O O-O 6. Re1 d6 7. a4 Kh8 8. Nc3 Ng8 9. Nd5 f5 10. c3 fxe4 11. dxe4 Be6 12. b4 Qd7 13. Ng5 Bg4 14. Be2 Bxe2 15. Qxe2 Bxg5 16. Bxg5 h6 17. Be3 Nd8 18. c4 Ne6 19. Red1 a5 20. c5 axb4 21. cxd6 Rxa4 22. Rxa4 Qxa4 23. dxc7 Qd7 24. Rc1 Qf7 25. c8=Q Rxc8 26. Rxc8 b3 27. Qb2 Qd7 28. Rc1 Qa4 29. Nc3 Qc4 30. Rb1 Nd4 31. Bxd4 exd4 32. Qxb3 Qxc3 33. Qxc3 dxc3 34. Rxb7 Nf6 35. f3 Nh5 36. g3 1-0


[Site "https://www.chess.com"]

[Event "Titled Tuesday Blitz June 21 Late 2022"]
[White "Fedoseev, Vladimir"]
[Black "Pakleza, Zbigniew"]
[WhiteFideId "24130737"]
[BlackFideId "1119290"]
[WhiteElo "2726"]
[BlackElo "2467"]
[Result "1-0"]
[Round "08"]
[TimeControl "180+1"]
[Date "2022.06.21"]
[WhiteClock "0:00:54"]
[BlackClock "0:00:01"]

1. e4 d6 2. d4 Nf6 3. Nc3 c6 4. a4 Nbd7 5. Nf3 e5 6. h3 Be7 7. g4 O-O 8. Bg2 a5 9. O-O g6 10. Bh6 Re8 11. Qd2 Bf8 12. Bxf8 Nxf8 13. dxe5 dxe5 14. Qxd8 Rxd8 15. Nxe5 Ne6 16. Rfd1 Re8 17. Nc4 Nf4 18. Bf1 Kg7 19. Rd4 g5 20. f3 h5 21. Nd6 Rh8 22. Ne2 Ng6 23. Ng3 Ne5 24. Bg2 hxg4 25. fxg4 Be6 26. Ngf5+ Kg6 27. Rad1 b6 28. b3 c5 29. R4d2 Rab8 30. Rf1 Rbd8 31. Rdf2 Nfd7 32. Ne3 Rhf8 33. Nd5 Bxd5 34. exd5 f6 35. Be4+ Kg7 36. Nf5+ Kf7 37. d6 Nb8 38. Bd5+ Kg6 39. Rd2 Rfe8 40. Kg2 Nbc6 41. Be4 Kf7 42. d7 Rh8 43. Rd6 Nb4 44. Ng3 Rh6 45. Bf5 Ke7 46. Re6+ Kf7 47. Rxb6 c4 48. Rd6 cxb3 49. cxb3 Ke7 50. Rfd1 Rhh8 51. Ne4 Rh6 52. Re6+ Kf7 53. Re8 Nbc6 54. Nd6+ Kg7 55. Nb7 1-0


[Site "https://www.chess.com"]

[Event "Titled Tuesday Blitz June 21 Late 2022"]
[White "Fishbein, Alexander"]
[Black "Dobre, Claudiu-Cristian"]
[WhiteFideId "2000377"]
[BlackFideId "1211854"]
[WhiteElo "2442"]
[BlackElo "2207"]
[Result "0-1"]
[Round "08"]
[TimeControl "180+1"]
[Date "2022.06.21"]
[WhiteClock "0:00:07"]
[BlackClock "0:00:06"]

1. e4 Nc6 2. Nf3 d6 3. d4 Nf6 4. Nc3 e5 5. dxe5 Nxe5 6. Nxe5 dxe5 7. Qxd8+ Kxd8 8. Bc4 Bb4 9. Bd2 Ke7 10. O-O-O Be6 11. Nd5+ Nxd5 12. exd5 Bxd2+ 13. Rxd2 Bf5 14. Re1 Kd6 15. Bb3 a5 16. a3 a4 17. Ba2 Ra5 18. g3 Rc5 19. Re3 f6 20. h4 h5 21. Kd1 Ra8 22. c4 Rb8 23. Rc3 b5 24. cxb5 Rxc3 25. bxc3 Rxb5 26. c4 Rb8 27. Ke2 Bb1 28. Bxb1 Rxb1 29. Ke3 f5 30. f4 Rc1 31. Kd3 Rg1 32. fxe5+ Kxe5 33. Re2+ Kd6 34. Re6+ Kd7 35. Rg6 f4 36. Rxg7+ Kc8 37. Rg5 fxg3 38. Ke2 g2 39. Kf2 Rc1 40. Kxg2 Rxc4 41. Rxh5 Rc2+ 42. Kg3 Rc3+ 43. Kg4 Rxa3 44. Rh8+ Kb7 45. h5 Ra1 46. h6 Rh1 47. Kg5 a3 48. d6 cxd6 49. Rh7+ Kb6 50. Rh8 a2 51. Ra8 a1=Q 52. Rxa1 Rxa1 53. h7 Rh1 0-1


[Site "https://www.chess.com"]

[Event "Titled Tuesday Blitz June 21 Late 2022"]
[White "Florescu, Codrut-Constantin"]
[Black "Corrales Jimenez, Fidel"]
[WhiteFideId "1202200"]
[BlackFideId "3506690"]
[WhiteElo "2191"]
[BlackElo "2541"]
[Result "1/2-1/2"]
[Round "08"]
[TimeControl "180+1"]
[Date "2022.06.21"]
[WhiteClock "0:00:30"]
[BlackClock "0:00:20"]

1. d4 Nf6 2. Nf3 g6 3. c4 Bg7 4. Nc3 d5 5. Qb3 dxc4 6. Qxc4 Be6 7. Qb5+ Nc6 8. Qxb7 Bd7 9. Qb3 Rb8 10. Qd1 Bf5 11. a3 O-O 12. e3 e5 13. dxe5 Ng4 14. e4 Qxd1+ 15. Nxd1 Bxe4 16. Be2 Ngxe5 17. Nxe5 Bxe5 18. O-O Nd4 19. Bc4 Nb3 20. Bxb3 Rxb3 21. Nc3 Bf5 22. Re1 Bxc3 23. bxc3 Rxc3 24. Bh6 Rc8 25. Re7 Rb3 26. h3 Rb1+ 27. Rxb1 Bxb1 28. Bf4 c5 29. Rxa7 c4 30. Rc7 Rxc7 31. Bxc7 c3 32. Be5 c2 33. Bb2 Kf8 34. a4 Ba2 35. Kf1 Ke7 36. Ke2 Bc4+ 37. Kd2 Bf1 38. Kxc2 Bxg2 39. h4 Ke6 40. Kd2 Kf5 41. Ke3 Kg4 42. Bf6 h6 43. a5 Bf3 44. a6 g5 45. hxg5 h5 46. a7 Ba8 47. Be7 h4 48. Bd6 Kh3 49. Kf4 Kg2 50. Kf5 h3 51. Kf6 Bd5 52. a8=Q Bxa8 53. Kxf7 Kxf2 54. g6 Bd5+ 55. Kf8 Kf3 56. g7 Kg4 57. g8=Q+ Bxg8 58. Kxg8 Kf5 59. Kf7 Ke4 60. Ke6 Kf3 61. Kf5 Kg2 62. Kg4 h2 63. Bxh2 1/2-1/2


[Site "https://www.chess.com"]

[Event "Titled Tuesday Blitz June 21 Late 2022"]
[White "Garriga Cazorla, Pere"]
[Black "Ibarra Jerez, Jose Carlos"]
[WhiteFideId "32011601"]
[BlackFideId "2226332"]
[WhiteElo "2433"]
[BlackElo "2628"]
[Result "1-0"]
[Round "08"]
[TimeControl "180+1"]
[Date "2022.06.21"]
[WhiteClock "0:00:11"]
[BlackClock "0:00:12"]

1. d4 d5 2. c4 dxc4 3. Nf3 e6 4. e3 Nf6 5. Bxc4 c5 6. O-O a6 7. Bb3 Nbd7 8. Qe2 b5 9. a4 Bb7 10. Nbd2 cxd4 11. exd4 Be7 12. axb5 axb5 13. Rxa8 Qxa8 14. Re1 Nd5 15. Qxb5 Bc6 16. Qe2 O-O 17. Bc2 Rc8 18. h4 Nf4 19. Qe3 Bxf3 20. Nxf3 Nxg2 21. Bxh7+ Kxh7 22. Kxg2 Nf6 23. Bd2 Qd5 24. Qg5 Rc2 25. Qxd5 Nxd5 26. Rb1 Bxh4 27. Rh1 g5 28. Bxg5 Rxb2 29. Rxh4+ Kg6 30. Bd2 f6 31. Rg4+ Kf7 32. Bh6 Ke7 33. Rg8 Kf7 34. Rg7+ Ke8 35. Kg3 Ne7 36. Rh7 Nf5+ 37. Kg2 Ra2 38. Bf4 Ra4 39. Be3 Ra2 40. Kf1 Ra3 41. Ke2 Ra2+ 42. Nd2 Ne7 43. Kd3 Nd5 44. Nc4 Nb4+ 45. Ke4 Nd5 46. Nd6+ Kd8 47. Nb7+ Ke8 48. Nc5 f5+ 49. Ke5 f4 50. Bxf4 Re2+ 51. Be3 Nxe3 52. fxe3 Rxe3+ 53. Kd6 Kf8 54. Nxe6+ Kg8 55. Rg7+ Kh8 56. Ra7 Ra3 57. Rxa3 Kh7 58. Rg3 Kh8 59. Ke5 1-0


[Site "https://www.chess.com"]

[Event "Titled Tuesday Blitz June 21 Late 2022"]
[White "Gubajdullin, Alexei"]
[Black "Domingo Nunez, Alejandro"]
[WhiteFideId "4141202"]
[BlackFideId "22245561"]
[WhiteElo "2280"]
[BlackElo "2215"]
[Result "1-0"]
[Round "08"]
[TimeControl "180+1"]
[Date "2022.06.21"]
[WhiteClock "0:00:11"]
[BlackClock "0:00:04"]

1. c4 Nf6 2. g3 g6 3. Bg2 Bg7 4. Nc3 O-O 5. Nf3 d6 6. O-O c5 7. d4 Nbd7 8. d5 Rb8 9. Qc2 a6 10. a4 b6 11. b3 Ne8 12. Bb2 Nc7 13. e4 b5 14. a5 bxc4 15. bxc4 Rb4 16. Nd2 Ne5 17. Ra4 Nd3 18. Rxb4 Nxb4 19. Qb1 e6 20. Na4 Bxb2 21. Qxb2 exd5 22. cxd5 Nb5 23. Nb6 Nd4 24. Ndc4 Qe7 25. f4 Bd7 26. e5 Bb5 27. exd6 Qf6 28. Qd2 Rd8 29. Re1 Kg7 30. h3 h5 31. Kh2 Nbc2 32. Re4 Nb4 33. Re7 Rxd6 34. Nxd6 Qxe7 35. Nxb5 axb5 36. Qc3 1-0


[Site "https://www.chess.com"]

[Event "Titled Tuesday Blitz June 21 Late 2022"]
[White "Hansen, Eric"]
[Black "Paravyan, David"]
[WhiteFideId "2606771"]
[BlackFideId "4194985"]
[WhiteElo "2568"]
[BlackElo "2569"]
[Result "1-0"]
[Round "08"]
[TimeControl "180+1"]
[Date "2022.06.21"]
[WhiteClock "0:00:05"]
[BlackClock "0:00:06"]

1. e4 e5 2. Nf3 Nf6 3. Nc3 Nc6 4. d4 exd4 5. Nxd4 Bb4 6. Nxc6 bxc6 7. Bd3 O-O 8. O-O d5 9. Bd2 Rb8 10. Re1 Bg4 11. Qc1 Re8 12. a3 dxe4 13. Nxe4 Bxd2 14. Nxd2 Rxe1+ 15. Qxe1 Rxb2 16. Nc4 Rb8 17. Qe3 a6 18. Ne5 Qd6 19. h3 Bh5 20. Nc4 Qd5 21. Qa7 Re8 22. Qxa6 Bg6 23. Ne3 Qc5 24. Qc4 Qe5 25. Rb1 Qa5 26. Qxc6 Rd8 27. a4 h6 28. Bxg6 fxg6 29. Qb5 Qa7 30. a5 Kh7 31. a6 Rd6 32. Ra1 Nd7 33. Ra4 Nc5 34. Ra5 Nxa6 35. h4 h5 36. g4 hxg4 37. h5 Qb6 38. hxg6+ Rxg6 39. Qh5+ Rh6 40. Qf5+ Qg6 41. Rxa6 Qxf5 42. Rxh6+ gxh6 43. Nxf5 Kg6 44. Ne7+ Kg5 45. Kg2 h5 46. c4 c5 47. Nd5 Kf5 48. Kg3 Kg5 49. Nb6 h4+ 50. Kg2 Kf4 51. Nd7 h3+ 52. Kg1 Kf3 53. Ne5+ Kf4 54. Nd3+ Ke4 55. Nxc5+ Kd4 56. Nd7 Ke4 57. Nf6+ Kf3 58. c5 g3 59. fxg3 Kxg3 60. Kh1 h2 61. c6 Kh3 62. c7 Kg3 63. c8=Q Kh4 64. Qg4# 1-0


[Site "https://www.chess.com"]

[Event "Titled Tuesday Blitz June 21 Late 2022"]
[White "Hnydiuk, Aleksander"]
[Black "Mortazavi, Ali"]
[WhiteFideId "1109057"]
[BlackFideId "401323"]
[WhiteElo "2374"]
[BlackElo "2339"]
[Result "1-0"]
[Round "08"]
[TimeControl "180+1"]
[Date "2022.06.21"]
[WhiteClock "0:01:20"]
[BlackClock "0:00:02"]

1. d4 Nf6 2. c4 g6 3. Nc3 Bg7 4. e4 O-O 5. Nf3 d6 6. Be2 Bg4 7. Be3 Nbd7 8. Ng1 e5 9. Bxg4 Nxg4 10. Qxg4 exd4 11. Bg5 f6 12. Bd2 f5 13. exf5 dxc3 14. Bxc3 Bxc3+ 15. bxc3 Rxf5 16. Ne2 Qe7 17. Kf1 Raf8 18. f3 Re5 19. Nd4 Re8 20. Kf2 c5 21. Nb3 Nf6 22. Qf4 Re2+ 23. Kf1 1-0


[Site "https://www.chess.com"]